 Dungeon Crawl Stone Soup version 0.27.1-4-g1640c2035a (webtiles) character file.

Game seed: 17217823444033148950

88 Cykl0x the Shield-Bearer (level 4, 0/29 HPs)
             Began as a Gargoyle Fighter on Nov 4, 2021.
             Killed from afar by Sigmund (1 damage)
             ... with a magic dart
             ... on level 2 of the Dungeon.
             The game lasted 00:03:14 (2354 turns).

Cykl0x the Shield-Bearer (Gargoyle Fighter)         Turns: 2354, Time: 00:03:14

Health: 0/29       AC: 15    Str: 20    XL:     4   Next: 54%
Magic:  0/4        EV:  4    Int:  9    God:
Gold:   50         SH:  9    Dex:  9    Spells: 3/3 levels left

rFire    + . .     SeeInvis .   a - +0 long sword
rCold    + . .     Faith    .   c - +0 kite shield
rNeg     + . .     Spirit   +   i - +0 plate armour
rPois    ∞         Reflect  .   (no helmet)
rElec    +         Harm     .   g - scarf {rC+ rF+}
rCorr    .         Rampage  .   (no gloves)
Will     .....                  (no boots)
Stlth    ..........             e - amulet of guardian spirit
HPRegen  0.09/turn              (no ring)
MPRegen  0.09/turn              (no ring)

@: mighty
A: sickness immunity, AC +3, negative energy resistance 1, electricity
resistance, torment resistance 1, petrification resistance
a: no special abilities


You were on level 2 of the Dungeon.
You visited 1 branch of the dungeon, and saw 3 of its levels.

You collected 50 gold pieces.

Inventory:

Hand Weapons
 a - a +0 long sword (weapon)
 h - a +0 dagger of electrocution
Missiles
 f - 60 stones (quivered)
Armour
 b - a +0 scale mail
 c - a +0 kite shield (worn)
 g - a scarf of resistance (worn)
 i - a +0 plate armour (worn)
Jewellery
 e - an amulet of guardian spirit (around neck)
Potions
 l - a potion of heal wounds {unknown}


   Skills:
 + Level 3.7 Fighting
 + Level 2.3 Long Blades
 * Level 0.7 Throwing
 + Level 3.8 Armour
 * Level 1.1 Dodging
 + Level 3.9 Shields


You had 3 spell levels left.
You didn't know any spells.
Your spell library was empty.

Dungeon Overview and Level Annotations

Branches:
Dungeon (3/15)

Altars:

Annotations:
D:2 Sigmund


Innate Abilities, Weirdness & Mutations

You are immune to sickness and miasma.
Your stone body is resilient. (AC +3)
You are immune to poison.
You resist negative energy. (rN+)
You are resistant to electric shocks. (rElec)
You are resistant to unholy torment.
You are immune to petrification.


Message History

The jackal bites you but does no damage.
You climb upwards.
There is a stone staircase leading down here.
You slash Sigmund!
Sigmund is heavily wounded.
Sigmund hits you but does no damage.
The jackal bites you but does no damage.
The jackal barely misses you.
You riposte.
Your shield prevents you from hitting the jackal.
Sigmund gestures at you while chanting. You block the puff of flame.
You block the jackal's attack.
You closely miss Sigmund.
Sigmund is moderately wounded.
Sigmund hits you with a +0 scythe!
The jackal bites you but does no damage.
You block Sigmund's attack. You block the jackal's attack.
Unknown command.
You slash Sigmund!
Sigmund is almost dead.
You block the jackal's attack. Sigmund hits you but does no damage.
The jackal bites you but does no damage.
Unknown command.
You closely miss Sigmund.
Sigmund is almost dead.
Sigmund hits you with a +0 scythe. The jackal barely misses you. x2
You riposte.
You closely miss the jackal. Sigmund barely misses you.
You riposte.
You closely miss Sigmund.
Sigmund is almost dead.
Unknown command.
Your plate armour prevents you from hitting Sigmund.
Sigmund is almost dead.
The jackal bites you but does no damage.
Sigmund hits you with a +0 scythe!
* * * LOW HITPOINT WARNING * * *
You block the jackal's attack.
You closely miss Sigmund.
Sigmund is almost dead.
Sigmund points at you and mumbles some strange words.
The magic dart hits you.
You die...

#......#.......#.......#
#......#.....).#..)....'
#......###...###..(....#
#.............####...#.#
#.......##....####...#..
#................+......
#.............####......
#...........#.####..<..#
###....@@...'...........
######...h.....#...........
#....#.........##.#########
##....#.........##..## #.
#...............###..## #.
#...............# ##..## #.
#...............###....##
##
#......)..########..##..##
#.......?.# ##..))##..##


You could see Sigmund (fast) and a jackal.

Vanquished Creatures
  3 gnolls
  An adder (D:2)
  2 dart slugs (D:1)
  6 ball pythons
  4 bats
  5 endoplasms
  3 giant cockroaches
  2 goblins (D:1)
  A hobgoblin (D:1)
  4 jackals
  10 kobolds
  A quokka (D:1)
  A rat (D:1)
43 creatures vanquished.

Notes
Turn   | Place    | Note
-------+----------+-------------------------------------------
     0 | D:1      | Cykl0x the Gargoyle Fighter began the quest for the Orb.
     0 | D:1      | Reached XP level 1. HP: 14/14 MP: 1/1
   385 | D:1      | Reached XP level 2. HP: 14/19 MP: 0/2
   600 | D:1      | Reached XP level 3. HP: 19/23 MP: 3/3
  1623 | D:2      | Reached XP level 4. HP: 15/29 MP: 2/4
  1848 | D:2      | Reached skill level 1 in Dodging
  2331 | D:3      | Noticed Sigmund
  2353 | D:2      | HP: 1/29 [Sigmund (9)]
  2354 | D:2      | Killed from afar by Sigmund

Illustrated notes

Levels and vault maps discovered:
D:1:      mrwooster_arrival_statue_2, layout_loops_cross
D:2:      minmay_alternating_diamond, layout_basic
D:3:      layout_loops_ring, grunt_decor_clamped,
          hangedman_decor_clover_reticule, uniq_sigmund

Skill      XL: |  1  2  3  4 |
---------------+-------------+-----
Long Blades    | 2 |  2.3
Dodging        | 1 |  1.1
Fighting       | |  3.7
Throwing       | |  0.7
Armour         | |  3.8
Shields        | |  3.9

Action                   |  1- 3 |  4- 6 || total
-------------------------+-------+-------++-------
Melee: Long sword        |   108 |    61 ||   169
Throw: Stone             |    17 |    22 ||    39
  Use: Scroll            |     3 |     4 ||     7
       Potion            |       |     2 ||     2
 Stab: Distracted        |       |     1 ||     1
Armor: Scale mail        |    72 |       ||    72
       Plate armour      |     3 |    66 ||    69
Dodge: Dodged            |    44 |    18 ||    62
Block: Kite shield       |    79 |    41 ||   120
       Rpst.: Long sword |    14 |     8 ||    22
